 Dungeon Crawl Stone Soup version 0.29.1-13-g9f3cf754e1 (webtiles) character file.

Game seed: 9280356013247338712

303 Thatpatchoflichen the Shooter (level 6, -2/39 HPs)
             Began as a Kobold Hunter on Jan 20, 2023.
             Slain by Edmund
             ... wielding a +2 flail of protection
              (7 damage)
             ... on level 4 of the Dungeon on Jan 21, 2023.
             The game lasted 00:12:00 (4524 turns).

Thatpatchoflichen the Shooter (Kobold Hunter)       Turns: 4524, Time: 00:12:00

Health: -2/39      AC:  4    Str:  8    XL:     6   Next: 65%
Magic:  6/6        EV: 16    Int: 11    God:
Gold:   199        SH:  0    Dex: 20    Spells: 5/5 levels left

rFire   . . .      SeeInvis .   a - +0 shortbow
rCold   . . .      Faith    .   (shield currently unavailable)
rNeg    . . .      Spirit   .   c - +0 leather armour
rPois   .          Reflect  .   q - +0 helmet
rElec   .          Harm     .   (no cloak)
rCorr   .          Rampage  .   (no gloves)
Will    .....                   (no boots)
Stlth   ++++......              (no amulet)
HPRegen 0.13/turn               (no ring)
MPRegen 0.10/turn               (no ring)

@: no status effects
A: small, no large weapons, nightstalker 3
a: no special abilities


You were on level 4 of the Dungeon.
You visited 1 branch of the dungeon, and saw 5 of its levels.

You collected 199 gold pieces.

Inventory:

Hand Weapons
 a - a +0 shortbow (weapon)
 j - the +6 dagger "Ymoshage" {vorpal, Will+}
   (You found it on level 2 of the Dungeon)

   It inflicts extra damage upon your enemies.
   Will:      It increases your willpower.
Missiles
 v - 2 poisoned darts
Armour
 c - a +0 leather armour (worn)
 k - a +0 scale mail
 n - a +0 chain mail
 q - a +0 helmet (worn)
 r - a +0 ring mail
Magical Staves
 h - a staff of air
Jewellery
 d - a ring of wizardry
Scrolls
 b - a scroll of immolation
 e - 2 scrolls of enchant armour {unknown}
 g - a scroll of enchant weapon {unknown}
 i - 2 scrolls of amnesia {unknown}
 m - 2 scrolls of vulnerability {unknown}
 o - 2 scrolls of blinking {unknown}
 w - a scroll of butterflies {unknown}
 x - a scroll of summoning {unknown}
 y - a scroll of identify {unknown}
Potions
 f - 4 potions of curing
 l - a potion of berserk rage {unknown}
 p - a potion of resistance {unknown}
 s - 2 potions of attraction {unknown}
 t - 2 potions of heal wounds {unknown}
 u - 2 potions of flight {unknown}


   Skills:
 + Level 4.6 Fighting
 - Level 6.0 Ranged Weapons
 + Level 4.9 Dodging
 - Level 4.0 Stealth


You had 5 spell levels left.
You didn't know any spells.
Your spell library contained the following spells:

 Spells                   Type           Power      Damage    Failure   Level
 Sting                    Tmut/Pois      0%         1d3       45%         1
 Poisonous Vapours        Pois/Air       0%         N/A       61%         2
 Olgreb's Toxic Radiance  Pois           0%         N/A       99%         4
 Fireball                 Conj/Fire      0%         3d3       100%        5
 Starburst                Conj/Fire      0%         6d3       100%        6
 Ignition                 Fire           0%         3d3       100%        8


Dungeon Overview and Level Annotations

Branches:
Dungeon (5/15)
 Temple: D:4-7

Altars:
Fedhas
Trog

Annotations:
D:4 2 transporters, Edmund


Innate Abilities, Weirdness & Mutations

You are small and have problems with some larger weapons.
You are completely attuned to the shadows.


Message History

Aim: Edmund, wielding a +2 flail of protection and wearing a +0 scale mail (lightly wounded, 70% to hit)
You shoot an arrow. The arrow hits Edmund!
Edmund is moderately wounded.
Edmund hits you with a +2 flail of protection!
Edmund hits you with a +2 flail of protection.
Fire: a) +0 shortbow
Press: ? - help, Q - select action, (/) - cycle Shift-Dir - straight line, f/p - Edmund
Aim: Edmund, wielding a +2 flail of protection and wearing a +0 scale mail (moderately wounded, 70% to hit)
You shoot an arrow. The arrow barely misses Edmund.
The arrow hits the orc.
The orc is lightly wounded.
Edmund misses you.
Fire: a) +0 shortbow
Press: ? - help, Q - select action, (/) - cycle Shift-Dir - straight line, f/p - Edmund
Aim: Edmund, wielding a +2 flail of protection and wearing a +0 scale mail (moderately wounded, 70% to hit)
You shoot an arrow. The arrow hits Edmund.
Edmund is moderately wounded.
Edmund misses you.
Fire: a) +0 shortbow
Press: ? - help, Q - select action, (/) - cycle Shift-Dir - straight line, f/p - Edmund
Aim: Edmund, wielding a +2 flail of protection and wearing a +0 scale mail (moderately wounded, 70% to hit)
You shoot an arrow. The arrow hits Edmund.
Edmund is heavily wounded.
Edmund hits you with a +2 flail of protection.
It was a potion of curing.
You feel better. Edmund barely misses you.
Fire: a) +0 shortbow
Press: ? - help, Q - select action, (/) - cycle Shift-Dir - straight line, f/p - Edmund
Aim: Edmund, wielding a +2 flail of protection and wearing a +0 scale mail (heavily wounded, 70% to hit)
You shoot an arrow. The arrow hits Edmund.
Edmund is heavily wounded.
Edmund hits you with a +2 flail of protection.
Edmund hits you with a +2 flail of protection!
* * * LOW HITPOINT WARNING * * *
Fire: a) +0 shortbow
Press: ? - help, Q - select action, (/) - cycle Shift-Dir - straight line, f/p - Edmund
Aim: Edmund, wielding a +2 flail of protection and wearing a +0 scale mail (heavily wounded, 70% to hit)
You shoot an arrow.
The arrow hits Edmund but does no damage.
Edmund is heavily wounded.
Edmund hits you with a +2 flail of protection!
You die...

#.###.#.#...)..........##
#.......########.....####
#####.### ##...## # ##.##
##.###### #...# #.......
#...# #.###### #...#
##'## ##.####### ##...##
#...@...# #.....##
#.##@##.# #.......##
#.#.o.# .........##
#..<.... .........'.
#.....#. .........##
#.......## #.....## ##.#.
##...## ... ##'######


You could see Edmund and an orc.

Vanquished Creatures
  A necrophage (D:4)
  A hound (D:4)
  2 iguanas
  5 adders
  A gnoll (D:4)
  3 worms
  4 dart slugs
  5 orcs
  6 endoplasms
  3 giant cockroaches
  2 goblins
  14 hobgoblins
  2 jackals (D:4)
  3 quokkas (D:2)
  9 ball pythons
  9 bats
  5 frilled lizards
  9 kobolds
  5 rats
89 creatures vanquished.

Notes
Turn   | Place    | Note
-------+----------+-------------------------------------------
     0 | D:1      | Thatpatchoflichen the Kobold Hunter began the quest for the
                  | Orb.
     0 | D:1      | Reached XP level 1. HP: 12/12 MP: 1/1
    99 | D:1      | Reached XP level 2. HP: 18/18 MP: 2/2
   315 | D:1      | Found a faded altar of an unknown god.
   334 | D:1      | Reached XP level 3. HP: 22/22 MP: 3/3
   671 | D:2      | Found a bloodstained altar of Trog.
   949 | D:2      | Identified the +6 dagger "Ymoshage" {vorpal, Will+}
  1376 | D:2      | Reached XP level 4. HP: 27/27 MP: 4/4
  2205 | D:3      | Reached skill level 6 in Ranged Weapons
  2596 | D:3      | Reached XP level 5. HP: 11/32 MP: 5/5
  3081 | D:3      | Found a blossoming altar of Fedhas.
  3290 | D:5      | Entered Level 5 of the Dungeon
  3296 | D:4      | Found a transporter.
  3368 | D:4      | Found a transporter.
  3880 | D:4      | Noticed Edmund
  3903 | D:3      | Reached XP level 6. HP: 23/38 MP: 6/6
  4524 | D:4      | Slain by Edmund

Illustrated notes

Levels and vault maps discovered:
D:1:      dpeg_arrival_houses_and_road, layout_rooms, basic_ecumenical_altar
D:2:      minmay_wonky_spiral, layout_loops_corners, basic_altar
D:3:      layout_loops_ring, marbit_many_paths, minmay_bisected
D:4:      layout_loops_corners, gammafunk_ghost_abyssal_escape, st_stairs_7,
          uniq_edmund
D:5:      layout_basic, minmay_temple_entry_hall, uniq_eustachio

Skill      XL: |  1  2  3  4  5 |
---------------+----------------+-----
Stealth        | 2 3 4 |  4.0
Dodging        | 3 4 |  4.9
Fighting       | 3 4 |  4.6
Ranged Weapons | 6 |  6.0

Action                   |  1- 3 |  4- 6 || total
-------------------------+-------+-------++-------
 Fire: Shortbow          |    86 |   158 ||   244
  Use: Potion            |       |     1 ||     1
Armor: Leather armour    |     5 |    20 ||    25
Dodge: Dodged            |    24 |    74 ||    98
